 Dungeon Crawl Stone Soup version 0.32-a0-768-g0f6f1dd4b9 (webtiles) character file.

Game seed: 7805427406269368693

9 lessens the Chopper (level 2, -2/26 HPs)
             Began as a Mountain Dwarf Fighter on Mar 18, 2024.
             Slain by Terence
             ... wielding a +0 flail
              (3 damage)
             ... on level 2 of the Dungeon.
             The game lasted 00:00:44 (865 turns).

lessens the Chopper (Mountain Dwarf Fighter)         Turns: 865, Time: 00:00:44

Health: -2/26      AC:  6    Str: 18    XL:     2   Next: 6%
Magic:  2/2        EV:  8    Int:  8    God:
Gold:   47         SH:  4    Dex:  9    Spells: 1/1 levels left

rFire   . . .        a - +0 war axe
rCold   . . .        c - +0 buckler
rNeg    . . .        b - +0 scale mail
rPois   .            (no helmet)
rElec   .            (no cloak)
rCorr   .            (no gloves)
SInv    .            (no boots)
Will    .....        (no amulet) Stlth
                     (no ring)
HPRegen 0.24/turn    (no ring)
MPRegen 0.08/turn

%: no passive effects
@: mighty
A: runic magic, artefact enchanting
a: no special abilities


You were on level 2 of the Dungeon.
You visited 1 branch of the dungeon, and saw 2 of its levels.

You collected 47 gold pieces.

Inventory:

Hand Weapons
 a - a +0 war axe (weapon)
Armour
 b - a +0 scale mail (worn)
 c - a +0 buckler (worn)
Scrolls
 g - 2 scrolls of identify {unknown}
Potions
 e - a potion of brilliance {unknown}
 f - a potion of enlightenment {unknown}


   Skills:
 - Level 3.2 Fighting
 + Level 3.4 Axes
 - Level 3.2 Armour
 - Level 3.2 Shields


You had one spell level left.
You didn't know any spells.
Your spell library was empty.

Dungeon Overview and Level Annotations

Branches:
Dungeon (2/15) Zot: 11113

Altars:

Annotations:
D:2 Terence


Innate Abilities, Weirdness & Mutations

Your spellcasting is much less encumbered by armour.
You can use scrolls of enchantment on lesser artefacts.


Message History

Terence is nearby!
You slash Terence!
Terence is heavily wounded.
Terence hits you with a +0 flail. Terence closely misses you.
You barely miss Terence.
Terence is heavily wounded.
Terence says, "Did you write a will?
You should..."
Terence hits you with a +0 flail.
A kobold comes into view. It is wielding a +0 short sword.
The kobold shouts!
You hit Terence but do no damage.
Terence is heavily wounded.
Terence barely misses you.
You hit Terence.
Terence is severely wounded.
Terence hits you with a +0 flail. x2
You hit Terence but do no damage.
Terence is severely wounded.
Terence barely misses you.
You barely miss Terence.
Terence is severely wounded.
Terence hits you with a +0 flail. Terence hits you with a +0 flail!
* * * LOW HITPOINT WARNING * * *
You are too injured to fight recklessly!
You hit Terence.
Terence is severely wounded.
Terence closely misses you.
You hit Terence but do no damage.
Terence is severely wounded.
Terence barely misses you.
You closely miss Terence.
Terence is severely wounded.
Terence hits you with a +0 flail!
* * * LOW HITPOINT WARNING * * *
You block Terence's attack.
You feel very mighty all of a sudden.
Terence says, "Don't bother to defend, it's useless."
Terence hits you with a +0 flail.
You die...
Terence says, "Rest in peace."

... ..# #.# #.#
#.# #.# #.# #.#
#.# #.# ####
#.#####.###...
#####.............
#.!......##.###.##
#@#########.......
#@# #####.## #K#
#.# #.# #†# ...
#.# #.# #.## #.#
#... #.# ###. #.


You could see Terence and a kobold.

Vanquished Creatures
  A ball python (D:1)
  A goblin (D:2)
  2 hobgoblins
  A bat (D:1)
  3 frilled lizards
  2 rats
10 creatures vanquished.

Notes
Turn   | Place    | Note
-------+----------+-------------------------------------------
     0 | D:1      | lessens the Mountain Dwarf Fighter began the quest for the
                  | Orb.
     0 | D:1      | Reached XP level 1. HP: 19/19 MP: 1/1
   713 | D:2      | Reached XP level 2. HP: 26/26 MP: 2/2
   854 | D:2      | Noticed Terence
   864 | D:2      | HP: 1/26 [Terence/+0 flail (7)]
   865 | D:2      | Slain by Terence

Illustrated notes

Levels and vault maps discovered:
D:1:      psy_arrival_radial02, layout_basic
D:2:      layout_loops_ring, uniq_terence

Skill      XL: |  1 |
---------------+----+-----
Axes           | 3 |  3.4
Fighting       | |  3.2
Armour         | |  3.2
Shields        | |  3.2

Action                     || total
---------------------------++-------
  Melee: War axe           ||    40
    Use: Potion            ||     1
 Armour: Scale mail        ||    41
  Dodge: Dodged            ||    25
  Block: Buckler           ||     7

Table legend: (Time is in decaauts)
 A = Elapsed time spent in this place.
 B = Non-inter-level travel time spent in this place.
 C = Inter-level travel time spent in this place.
 D = Time resting spent in this place.
 E = Time spent auto-exploring this place.
 F = Levels seen in this place.
 G = Mean time per level.
                   A        B        C        D        E       F      G
               +--------+--------+--------+--------+--------+-----+--------+
         Total |    885 |    860 |     25 |      0 |    745 |   2 |  442.5 |
       Dungeon |    885 |    860 |     25 |      0 |    745 |   2 |  442.5 |
               +--------+--------+--------+--------+--------+-----+--------+

Top non-repeatable levels by time:
     D:1: 684 daAuts
     D:2: 200 daAuts

Levels and vault maps discovered:
D:1:      psy_arrival_radial02, layout_basic
D:2:      layout_loops_ring, uniq_terence
